 Dungeon Crawl Stone Soup version 0.25.1-8-g42b30a86e7 (webtiles) character file.

Game seed: 13028031901688629213

25816 Cykl0x the Blocker (level 13, -6/100 HPs)
             Began as a Formicid Fighter on Dec 8, 2020.
             Was an Elder of the Shining One.
             Mangled by a meliai
             ... wielding a +0 hand axe
              (10 damage)
             ... on level 14 of the Dungeon.
             The game lasted 00:30:27 (11692 turns).

Cykl0x the Blocker (Formicid Fighter)              Turns: 11692, Time: 00:30:28

Health: -6/100     AC: 21    Str: 22    XL:     13   Next: 53%
Magic:  20/20      EV:  4    Int: 10    God:    the Shining One [****..]
Gold:   267        SH:  0    Dex: 12    Spells: 12/12 levels left

rFire    + + .     SeeInvis +   K - +2 Maxwell's thermic engine {flame, freeze}
rCold    + . .     Gourm    .   t - +1 tower shield
rNeg     + + .     Faith    .   F - +1 gold dragon scales
rPois    +         Spirit   .   (helmet unavailable)
rElec    .         Reflect  .   l - +0 cloak
rCorr    .         Harm     .   o - +0 pair of gloves
MR       ++...                  p - +0 pair of boots of the Loofah {Regen+}
Stlth    ..........             a - amulet of regeneration
HPRegen  1.06/turn              i - ring of protection from magic
MPRegen  0.17/turn              u - ring of protection from fire

@: confused, glowing, studying Axes
A: permanent stasis, dig shafts and tunnels, four strong arms, antennae 3
a: Dig, Shaft Self, Divine Shield, Cleansing Flame, Renounce Religion


You were on level 14 of the Dungeon.
You worshipped the Shining One.
The Shining One was greatly pleased with you.
You were hungry.

You visited 2 branches of the dungeon, and saw 15 of its levels.
You visited 1 bazaar.

You collected 828 gold pieces.
You spent 539 gold pieces at shops.
You donated 22 gold pieces to Zin.

Inventory:

Hand Weapons
 K - the +2 Maxwell's thermic engine (weapon) {flame, freeze}
   (You bought it in a shop in a bazaar)

   It has been specially enchanted to burn those struck by it, causing extra
   injury to most foes and up to half again as much damage against particularly
   susceptible opponents.
   Big, fiery blades are also staple armaments of hydra-hunters.
   It has been specially enchanted to freeze those struck by it, causing extra
   injury to most foes and up to half again as much damage against particularly
   susceptible opponents.
Missiles
 h - 351 stones
 y - 8 curare-tipped darts
 D - 7 boomerangs (quivered)
Armour
 b - a +0 scale mail
 c - a +0 kite shield
 d - a +0 chain mail
 l - a +0 cloak (worn)
 o - a +0 pair of gloves (worn)
 p - the +0 pair of boots of the Loofah (worn) {Regen+}
   (You found it on level 4 of the Dungeon)

   It increases your rate of regeneration.
 t - a +1 tower shield (worn)
 F - +1 gold dragon scales (worn)
Jewellery
 a - an amulet of regeneration (around neck)
 i - a ring of protection from magic (left hand)
 r - a +6 ring of intelligence
 u - a ring of protection from fire (right hand)
 A - an uncursed amulet of guardian spirit
 M - a +6 ring of intelligence
Wands
 C - a wand of paralysis (12)
 G - a wand of iceblast (18)
 H - a wand of flame (10)
 I - a wand of polymorph (9)
Scrolls
 e - a scroll of noise {unknown}
 j - 5 scrolls of enchant weapon
 n - 4 scrolls of magic mapping
 v - 2 scrolls of amnesia
 z - 3 scrolls of remove curse
 J - 2 scrolls of identify
 L - a scroll of immolation
 N - 5 scrolls of fear
 Q - a scroll of enchant armour
Potions
 k - 2 potions of mutation
 m - 2 potions of resistance
 x - a potion of invisibility
 O - 2 potions of flight {unknown}
 P - 2 potions of brilliance {unknown}
Books
 w - a manual of Axes
Comestibles
 f - 30 rations
 g - 3 chunks of flesh


   Skills:
 + Level 8.8 Fighting
 + Level 13.0 Long Blades
 + Level 2.5 Throwing
 + Level 8.0 Armour
 + Level 3.3 Dodging
 + Level 13.0 Shields
 * Level 10.4 Invocations


You had 12 spell levels left.
You didn't know any spells.
Your spell library contained the following spells:

 Spells                   Type           Power        Failure   Level  Hunger
 Foxfire                  Conj/Fire      #...         100%        1    ##.....
 Magic Dart               Conj           #...         100%        1    ##.....
 Sandblast                Erth           #.....       100%        1    ##.....
 Passwall                 Tmut/Erth      #.......     100%        2    ###....
 Searing Ray              Conj           #.....       100%        2    ###....
 Confusing Touch          Hex            #.......     100%        3    ####...
 Conjure Flame            Conj/Fire      #.......     100%        3    ####...
 Dazzling Flash           Conj/Hex       #.....       100%        3    ####...
 Gell's Gravitas          Tloc           #.........   100%        3    ####...
 Inner Flame              Hex/Fire       #.......     100%        3    ####...
 Stone Arrow              Conj/Erth      #.....       100%        3    ####...
 Fulminant Prism          Conj/Hex       #.........   100%        4    #####..
 Iskenderun's Mystic Bla  Conj/Tloc      #.......     100%        4    #####..
 Passage of Golubria      Tloc           N/A          100%        4    #####..
 Petrify                  Tmut/Erth      #.......     100%        4    #####..
 Sticky Flame             Conj/Fire      #.......     100%        4    #####..
 Fireball                 Conj/Fire      #.........   100%        5    ######.
 Lee's Rapid Deconstruct  Erth           #.........   100%        5    ######.
 Metabolic Englaciation   Hex/Ice        #.........   100%        5    ######.
 Yara's Violent Unravell  Hex/Tmut       #.........   100%        5    ######.
 Darkness                 Hex            #.........   100%        6    #######
 Invisibility             Hex            #.......     100%        6    #######
 Swiftness                Chrm/Air       Unusable     N/A         2    N/A

Dungeon Overview and Level Annotations

Branches:
Dungeon (14/15)            Temple (1/1) D:5            Lair (0/6) D:8
    Orc (0/2) D:12
 Vaults: D:13-14

Altars:
Ashenzari
Cheibriados
Dithmenos
Elyvilon
Fedhas
Gozag
Hepliaklqana
Kikubaaqudgha
Makhleb
Nemelex Xobeh
Okawaru
Qazlal
Ru
Sif Muna
Trog
Uskayaw
Vehumet
Wu Jian
Xom
Yredelemnul
Zin
The Shining One

Portals:
Trove: D:13 (give 8 scrolls of fog)


Innate Abilities, Weirdness & Mutations

You cannot be hasted, slowed, berserked, paralysed or teleported.
You can dig through walls and to a lower floor.
Your four strong arms can wield two-handed weapons with a shield.
You have a pair of large antennae on your head. (SInv)


Message History

You block the meliai's attack. x2
Okay, then.
You don't have enough magic at the moment.
Okay, then.
Magic courses through your body. The meliai hits you but does no damage.
You block the meliai's attack. x2
The meliai stings you but does no damage.
You are confused.
You feel invigorated. The meliai hits you but does no damage.
The meliai stings you but does no damage.
You're too confused to move!
The meliai calls down the wrath of its god upon you.
Something smites you!
* * * LOW HITPOINT WARNING * * *
The meliai hits you but does no damage.
The meliai stings you but does no damage.
You bump into the rock wall.
The meliai hits you with a +0 hand axe!
* * * LOW HITPOINT WARNING * * *
The meliai stings you!
You die...

................
..y...#.<.......
......#.........
.!....#...######
......#.$.###
.......##...####
.!.......Y.....#
............>.{###
....§....{.#?.{#@#
..§........####y##
............# ###
............#
.............
).............


You could see a meliai (strong).

Vanquished Creatures
  Frances (D:14)
  Harold (D:7)
  A catoblepas (D:14)
  A vault guard (D:13)
  The ghost of denis1488 the Blocker, a novice MiFi of the Shining One (D:8)
  A centaur warrior (D:8)
  A two-headed ogre (D:10)
  5 ugly things
  A wolf spider zombie (D:10)
  A cyclops (D:13)
  3 manticores
  A komodo dragon (shapeshifter) (D:13)
  2 hellwings (D:10)
  A merfolk (D:9)
  3 trolls
  A meliai (D:14)
  A hornet (D:13)
  Grinder (D:5)
  7 slime creatures (D:12)
  A hippogriff (D:11)
  A vampire (D:12)
  2 wraiths
  14 yaks
  A basilisk (D:12)
  4 fire bats (D:10)
  2 wyverns
  3 hungry ghosts
  2 steam dragons (D:6)
  6 wargs
  An acid dragon (D:11)
  A hell hound (D:10)
  2 soldier ants
  2 water moccasins
  A hornet zombie (D:10)
  6 orc warriors
  An ice beast (D:11)
  5 sky beasts
  3 phantoms
  A necrophage (D:5)
  3 ogres
  An eye of draining (D:11)
  A centaur (D:10)
  2 big kobolds
  9 bullfrogs
  A wyvern zombie (D:10)
  2 scorpions
  13 killer bees
  4 bullfrog zombies
  4 howler monkeys
  2 lava snakes (D:10)
  6 crimson imps
  7 centaur zombies
  A quasit (D:10)
  3 jellies
  Crazy Yiuf (D:2)
  2 centaur skeletons
  5 orc priests
  7 hounds
  9 orc wizards
  2 bullfrog skeletons
  2 iguanas
  10 worker ants
  4 hound skeletons
  3 worker ant zombies
  5 gnolls
  A howler monkey skeleton (D:7)
  14 adders
  6 shadow imps
  2 adder skeletons
  An adder zombie (D:8)
  5 leopard geckos
  43 orcs
  2 bats
  3 giant cockroaches
  8 goblins
  5 hobgoblins
  10 jackals
  6 quokkas
  3 frilled lizards
  18 kobolds
  2 leopard gecko skeletons
  A quokka skeleton (D:7)
  10 rats
  2 fire vortices (D:10)
344 creatures vanquished.

Vanquished Creatures (others)
  A big kobold (D:9)
  2 orc wizards (D:9)
  A worker ant (D:9)
  An adder zombie (D:9)
  4 orcs
  A fire vortex (D:10)
10 creatures vanquished.

Grand Total: 354 creatures vanquished

Notes
Turn   | Place    | Note
-------+----------+-------------------------------------------
     0 | D:1      | Cykl0x the Formicid Fighter began the quest for the Orb.
     0 | D:1      | Reached XP level 1. HP: 18/18 MP: 1/1
   136 | D:1      | Reached XP level 2. HP: 18/24 MP: 2/2
   677 | D:2      | Found a runed translucent door.
   678 | D:2      | Noticed Crazy Yiuf
   684 | D:2      | Killed Crazy Yiuf
   684 | D:2      | Reached XP level 3. HP: 12/29 MP: 3/3
   684 | D:2      | Reached XP level 4. HP: 14/35 MP: 4/4
  1592 | D:3      | Found a blossoming altar of Fedhas.
  1598 | D:3      | Found a stormy altar of Qazlal.
  1710 | D:3      | Reached XP level 5. HP: 39/42 MP: 5/5
  2276 | D:4      | You fall into a shaft and drop 3 floors!
  2292 | D:7      | Reached skill level 1 in Dodging
  2292 | D:7      | Reached XP level 6. HP: 43/48 MP: 6/6
  2296 | D:7      | Noticed Harold
  2328 | D:7      | Killed Harold
  2328 | D:7      | Reached skill level 5 in Long Blades
  2328 | D:7      | Reached skill level 1 in Throwing
  2328 | D:7      | Reached XP level 7. HP: 39/55 MP: 7/7
  2328 | D:7      | Reached XP level 8. HP: 44/61 MP: 8/8
  2350 | D:7      | Reached skill level 5 in Armour
  2705 | D:6      | Reached skill level 5 in Fighting
  2818 | D:5      | Entered Level 5 of the Dungeon
  2948 | D:4      | Got a pair of jewelled boots
  2953 | D:4      | Identified the cursed +0 pair of boots of the Loofah
                  | {Regen+} (You found it on level 4 of the Dungeon)
  3599 | D:5      | Found a glowing silver altar of Zin.
  3636 | D:5      | Found a snail-covered altar of Cheibriados.
  3641 | D:5      | Found a sparkling altar of Nemelex Xobeh.
  3643 | D:5      | Found a sacrificial altar of Ru.
  3643 | D:5      | Found a hide-covered altar of Uskayaw.
  3659 | D:5      | Became a worshipper of Zin the Law-Giver
  3659 | D:5      | Reached * piety under Zin
  3705 | D:5      | Found a staircase to the Ecumenical Temple.
  3714 | Temple   | Entered the Ecumenical Temple
  3770 | Temple   | Fell from the grace of Zin
  3770 | Temple   | Became a worshipper of the Shining One
  3830 | D:5      | Noticed Grinder
  3873 | D:5      | Killed Grinder
  3873 | D:5      | Reached skill level 1 in Invocations
  3873 | D:5      | Reached XP level 9. HP: 68/68 MP: 8/10
  4061 | D:5      | Reached * piety under the Shining One
  4112 | D:5      | Found an ancient bone altar of Kikubaaqudgha.
  4154 | D:5      | Found an iron altar of Okawaru.
  5366 | D:7      | Reached XP level 10. HP: 64/75 MP: 12/12
  5941 | D:8      | Reached ** piety under the Shining One
  6164 | D:8      | Noticed a centaur warrior
  6197 | D:8      | Found a runed translucent gate.
  6197 | D:8      | Found a runed translucent gate.
  6197 | D:8      | Found a runed translucent gate.
  6197 | D:8      | Noticed denis1488's ghost (novice MiFi)
  6223 | D:8      | Killed a centaur warrior
  6223 | D:8      | Reached skill level 5 in Invocations
  6253 | D:8      | Killed denis1488's ghost
  6398 | D:8      | Found a staircase to the Lair.
  6709 | D:9      | Reached XP level 11. HP: 82/82 MP: 15/15
  6849 | D:9      | Reached skill level 10 in Shields
  6914 | D:9      | Found a shimmering altar of Xom.
  7248 | D:9      | Reached skill level 10 in Long Blades
  7509 | D:10     | Entered Level 10 of the Dungeon
  8050 | D:10     | Reached *** piety under the Shining One
  8328 | D:10     | Reached **** piety under the Shining One
  8398 | D:10     | Noticed a two-headed ogre
  8404 | D:10     | Killed a two-headed ogre
  8404 | D:10     | Reached XP level 12. HP: 89/90 MP: 15/17
  8575 | D:11     | Found a flickering gateway to a bazaar.
  8599 | Bazaar   | Entered a bazaar
  8615 | Bazaar   | Found Cateac's Food Emporium.
  8615 | Bazaar   | Found Nykagor's Magic Scroll Shoppe.
  8636 | Bazaar   | Found Onnideha's Antique Armour Emporium.
  8636 | Bazaar   | Found Wuptaum's Food Shoppe.
  8679 | Bazaar   | Found Qere's Weapon Emporium.
  8683 | Bazaar   | Bought the +2 Maxwell's thermic engine {flame, freeze} for
                  | 440 gold pieces
  8683 | Bazaar   | Found the +2 Maxwell's thermic engine {flame, freeze}
  8786 | Bazaar   | Bought a scroll of immolation for 63 gold pieces
  8786 | Bazaar   | Bought a scroll of identify for 36 gold pieces
  9747 | D:12     | You fall into a shaft and drop 1 floor!
 10164 | D:12     | Found a staircase to the Orcish Mines.
 10444 | D:12     | Reached XP level 13. HP: 84/97 MP: 20/20
 11088 | D:13     | Noticed a vault guard
 11097 | D:13     | Killed a vault guard
 11103 | D:13     | Found a portal to a secret trove of treasure.
 11305 | D:13     | Reached ***** piety under the Shining One
 11387 | D:13     | Reached skill level 10 in Invocations
 11629 | D:14     | Noticed Frances
 11633 | D:14     | Noticed a catoblepas
 11674 | D:14     | Killed a catoblepas
 11678 | D:14     | HP: 3/99 [Frances/+6 trident of freezing (13)]
 11686 | D:14     | Killed Frances
 11692 | D:14     | HP: 4/100 [meliai/+0 hand axe (10)]
 11692 | D:14     | Mangled by a meliai

Illustrated notes

Levels and vault maps discovered:
D:1:      kennysheep_arrival_forest, layout_basic, minmay_pentomino_r4
D:2:      layout_rooms, uniq_crazy_yiuf_cottage
D:3:      layout_rooms, grunt_temple_overflow_forces_of_nature
D:4:      layout_cave_pods, cheibrodos_gnoll_hut
D:5:      layout_loops_ring, kiku_gazebo_pond_becter,
          nicolae_overflow_hidden_temple, minmay_temple_entry_statues_pillars,
          first_ration, basic_altar, minmay_manual_mail, uniq_grinder
D:6:      kennysheep_steamy, layout_basic
D:7:      layout_basic, uniq_harold
D:8:      layout_basic, erik_lair_orcish_takeover, gammafunk_ghost_split
D:9:      layout_irregular_city, hangedman_fish_farm, xom_confusion_cloud
D:10:     cheibrodos_grave_circle, layout_basic, hangedman_incinerator
D:11:     layout_basic, serial_shops, bzr_entry_dummy
D:12:     layout_small_grid, david_orc_1_choice
D:13:     layout_loops_ring, enter_trove_5, kennysheep_cross_bottleneck
D:14:     layout_cross, lightli_vaults_fourway_checkpoint,
          grunt_dithmenos_shadows, uniq_kirke, uniq_nessos, uniq_louise,
          uniq_frances
Temple:   jpeg_temple_clearing

Skill      XL: |  1  2  3  4  5  6  7  8  9 10 11 12 13 |
---------------+----------------------------------------+-----
Shields        | 4 6 7 8 9 11 12 13 | 13.0
Long Blades    | 3 5 7 8 9 10 12 13 | 13.0
Armour         | 4 5 6 7 8 |  8.0
Fighting       | 4 5 6 7 8 |  8.8
Dodging        | 1 2 3 |  3.3
Throwing       | 1 2 |  2.5
Invocations    | 1 3 6 7 9 10 | 10.4

Action                   |  1- 3 |  4- 6 |  7- 9 | 10-12 | 13-15 || total
-------------------------+-------+-------+-------+-------+-------++-------
Melee: Long sword        |    55 |   138 |   340 |   534 |       ||  1067
       Double sword      |       |       |       |   227 |   116 ||   343
Throw: Stone             |     9 |    38 |    34 |    11 |       ||    92
       Boomerang         |       |       |       |    22 |     2 ||    24
       Dart              |       |       |       |     5 |       ||     5
Invok: Divine Shield     |       |       |       |     1 |       ||     1
       Cleansing Flame   |       |       |       |       |     4 ||     4
 Abil: Dig               |       |     5 |     5 |     7 |     3 ||    20
       Shaft Self        |       |       |       |     1 |       ||     1
  Use: Scroll            |     2 |     9 |     6 |     6 |     2 ||    25
       Potion            |       |     3 |     4 |     1 |     7 ||    15
  Eat: Chunk             |       |     5 |    11 |    18 |     4 ||    38
       Ration            |       |       |       |     2 |       ||     2
Armor: Scale mail        |    18 |    51 |     8 |       |       ||    77
       Skin              |       |     6 |    18 |       |       ||    24
       Chain mail        |       |       |    73 |    61 |       ||   134
       Gold dragon scale |       |       |       |   198 |    46 ||   244
Dodge: Dodged            |    13 |    30 |    52 |    75 |    11 ||   181
Block: Kite shield       |    27 |    21 |       |       |       ||    48
       Tower shield      |       |    79 |   257 |   667 |   103 ||  1106
       Rpst.: Long sword |     4 |    11 |    19 |    11 |       ||    45
       Double sword      |       |       |       |     5 |     5 ||    10
